Map: Frozen Temple

Players

LiquidTLO (TLO) - Winner!

  • Race: Zerg Zerg
  • League: Grandmaster

Beastyqt

  • Race: Terran Terran
  • League: Grandmaster

VOD

Have the link to the VOD?

Description

Time

  • Played on: July 5, 2016, 2:13 p.m.
  • Length: 15:15
Show
View Real Time Build Order
Export as new Build Order

LiquidTLO Zerg - Winner!

Build Orders: Hatch First 

Get SALT Encoding   

  12  0:01  Drone  
  13  0:13  Overlord  
  13  0:18  Drone  
  14  0:33  Drone x2  
  16  0:36  Drone  
  17  0:51  Hatchery  
  17  0:54  Drone  
  17  0:57  Drone  
  17  1:01  Extractor  
  17  1:13  Spawning Pool  
  17  1:16  Drone  
  17  1:19  Drone  
  18  1:30  Drone  
  19  1:41  Overlord  
  19  2:00  Metabolic Boost, Queen  
  21  2:03  Zergling x2, Queen  
  21  2:05  Zergling x2  
  25  2:10  Drone  
  25  2:14  Drone  
  27  2:15  Drone  
  28  2:28  Drone  
  29  2:35  Extractor  
  29  2:36  Queen  
  30  2:39  Overlord  
  30  2:41  Drone x2  
  33  2:50  Drone  
  34  2:54  Drone  
  34  2:56  Drone  
  35  3:02  Hatchery  
  34  3:06  Zergling x2  
  34  3:08  Zergling x2  
  34  3:10  Drone  
  37  3:13  Zergling x2  
  37  3:20  Zergling x6  
  37  3:21  Zergling x2  
  37  3:23  Zergling x2  
  37  3:26  Overlord  
  42  3:33  Drone x2  
  43  3:36  Drone  
  44  3:43  Spore Crawler x2  
  44  3:45  Drone  
  44  3:48  Drone  
  44  3:53  Drone  
  45  3:55  Drone  
  45  3:57  Drone x2  
  45  3:59  Drone x2  
  45  4:00  Drone  
  49  4:03  Drone  
  46  4:10  Drone  
  46  4:13  Drone  
  48  4:17  Drone  
  48  4:23  Evolution Chamber  
  47  4:24  Drone, Evolution Chamber  
  47  4:26  Zergling x4  
  47  4:27  Zergling x4  
  47  4:29  Zergling x2  
  47  4:30  Drone  
  47  4:31  Drone  
  53  4:32  Drone  
  53  4:34  Zergling x2  
  53  4:36  Drone  
  56  4:39  Drone  
  56  4:40  Zergling x2  
  58  4:48  Zergling x2, Spore Crawler  
  58  5:00  Overlord  
  58  5:03  Overlord, Zerg Melee Weapons Level 1, Zerg Ground Armor Level 1  
  58  5:06  Overlord  
  58  5:09  Spore Crawler  
  58  5:10  Overlord  
  57  5:16  Overlord  
  57  5:17  Overlord  
  57  5:21  Drone  
  57  5:24  Baneling Nest, Queen, Drone x2  
  57  5:26  Drone  
  57  5:27  Zergling x2  
  62  5:29  Drone x2  
  62  5:30  Drone  
  62  5:32  Zergling x2  
  62  5:33  Zergling x2  
  62  5:35  Drone  
  68  5:36  Drone  
  68  5:41  Zergling x2  
  70  5:43  Zergling x2  
  70  5:44  Zergling x2  
  70  5:45  Zergling x4  
  70  5:46  Zergling x2  
  70  5:47  Zergling x2  
  70  5:48  Zergling x2  
  74  5:50  Zergling x2  
  74  5:52  Queen  
  74  5:54  Zergling x2  
  78  6:01  Zergling x4  
  78  6:03  Zergling x2  
  80  6:04  Zergling x2  
  80  6:07  Drone  
  80  6:08  Drone x2  
  80  6:09  Drone  
  85  6:14  Extractor  
  85  6:16  Extractor  
  85  6:17  Roach Warren, Drone  
  83  6:19  Drone x2  
  83  6:20  Zergling x2  
  83  6:22  Drone, Hatchery  
  85  6:27  Drone  
  85  6:29  Zergling x2  
  85  6:30  Zergling x2  
  85  6:31  Drone  
  85  6:32  Zergling x2  
  90  6:34  Overlord  
  90  6:36  Overlord  
  90  6:43  Extractor  
  90  6:45  Extractor, Pneumatized Carapace  
  88  6:47  Lair  
  88  6:50  Overlord  
  88  6:51  Overlord  
  88  6:52  Drone  
  89  6:57  Drone  
  89  6:59  Drone x4  
  89  7:00  Zergling x4  
  95  7:13  Drone x2  
  95  7:15  Zerg Missile Weapons Level 1, Zergling x2  
  97  7:16  Extractor  
  97  7:17  Zergling x2  
  97  7:18  Zergling x2  
  97  7:20  Roach  
  97  7:21  Roach x4  
  97  7:22  Roach  
  111  7:27  Drone x2  
  111  7:28  Roach  
  115  7:32  Roach  
  115  7:36  Roach x3  
  123  7:38  Roach  
  123  7:40  Roach  
  123  7:44  Overlord  
  127  7:45  Overlord  
  127  7:50  Zerg Ground Armor Level 2  
  127  7:52  Zergling x2  
  128  8:05  Zergling x2  
  129  8:06  Zergling x2  
  129  8:09  Ravager x3  
  127  8:13  Zergling x4  
  127  8:14  Zergling x4  
  127  8:15  Zergling x2  
  127  8:19  Ravager x2  
  133  8:20  Zergling x4  
  133  8:21  Zergling x4  
  133  8:25  Zergling x4  
  134  8:27  Zergling x2  
  134  8:28  Zergling x4  
  134  8:29  Roach  
  134  8:32  Roach  
  138  8:35  Overlord  
  138  8:40  Zergling x4  
  138  8:41  Overlord  
  140  8:42  Zergling x2  
  140  8:46  Zergling x4  
  143  8:49  Overlord  
  143  8:54  Overlord  
  143  8:57  Zergling x2  
  143  8:58  Zergling x2  
  143  9:02  Roach  
  122  9:03  Roach x2  
  122  9:04  Roach  
  122  9:05  Zergling x2  
  122  9:06  Zergling x2  
  122  9:08  Zergling x2  
  122  9:09  Zergling x2  
  120  9:10  Zergling x2  
  120  9:12  Zergling x2  
  120  9:14  Zergling x4  
  120  9:15  Zergling x2  
  120  9:16  Zergling x2  
  116  9:21  Roach  
  116  9:23  Zergling x2  
  116  9:24  Roach x2  
  107  9:27  Roach  
  107  9:28  Roach  
  107  9:31  Roach  
  102  9:32  Roach  
  102  9:35  Roach  
  102  9:37  Ravager x3  
  102  9:38  Ravager  
  106  9:39  Roach  
  106  9:43  Roach  
  110  9:46  Roach  
  110  9:48  Baneling x4  
  110  9:49  Roach  
  110  9:51  Roach  
  110  9:52  Ravager  
  117  9:53  Roach  
  117  9:57  Roach x2  
  123  10:00  Roach  
  123  10:04  Drone x3  
  123  10:05  Ravager  
  123  10:06  Ravager  
  130  10:07  Drone  
  130  10:08  Drone  
  130  10:09  Drone  
  130  10:11  Roach  
  130  10:12  Roach  
  137  10:15  Ravager x2  
  137  10:18  Zerg Missile Weapons Level 2  
  138  10:24  Roach  
  138  10:27  Roach  
  138  10:28  Zergling x4, Roach x2  
  126  10:36  Roach x2  
  126  10:37  Roach  
  126  10:38  Zergling x4, Ravager  
  126  10:40  Ravager  
  126  10:41  Zergling x4  
  135  10:47  Zergling x4  
  135  10:48  Zergling x2  
  138  10:53  Zergling x2  
  138  10:54  Ravager x2  
  137  11:00  Zergling x2, Roach, Ravager  
  137  11:01  Ravager  
  137  11:02  Ravager  
  137  11:03  Roach x2  
  141  11:04  Roach  
  141  11:07  Roach x2  
  141  11:09  Roach  
  141  11:10  Zergling x4  
  132  11:19  Roach x3  
  132  11:22  Zergling x2  
  132  11:25  Zergling x2  
  131  11:26  Zergling x2  
  131  11:28  Zergling x2  
  131  11:30  Roach  
  131  11:31  Roach  
  131  11:32  Zergling x6  
  119  11:33  Roach  
  119  11:35  Centrifical Hooks  
  119  11:37  Zerg Melee Weapons Level 2  
  113  11:40  Roach  
  113  11:41  Roach  
  113  11:42  Drone x3  
  113  11:45  Extractor  
  119  11:47  Zergling x2  
  119  11:48  Ravager  
  119  11:50  Drone x3  
  119  11:51  Roach  
  119  11:53  Roach  
  128  11:56  Roach x2  
  128  11:59  Zergling x2  
  132  12:02  Zergling x2  
  132  12:05  Ravager x2  
  132  12:08  Baneling x4  
  132  12:09  Zergling x2  
  132  12:10  Zergling x4  
  132  12:11  Roach  
  132  12:12  Roach  
  132  12:15  Roach  
  141  12:16  Zergling x4  
  141  12:17  Overlord, Ravager  
  141  12:20  Spore Crawler  
  141  12:21  Drone  
  144  12:23  Extractor  
  144  12:29  Zergling x2  
  139  12:33  Zergling x2, Ravager x2  
  139  12:35  Zergling x4, Ravager  
  139  12:36  Ravager  
  146  12:37  Zergling x4  
  146  12:38  Zergling x2  
  146  12:39  Zergling x2  
  146  12:40  Ravager  
  146  12:43  Drone  
  152  12:45  Ravager  
  152  12:48  Drone x2  
  152  12:49  Zergling x2, Drone  
  152  12:50  Drone x2  
  152  12:51  Drone  
  160  12:54  Baneling x2  
  156  13:02  Roach  
  156  13:04  Roach  
  151  13:11  Roach  
  151  13:12  Roach x2  
  131  13:14  Roach x2  
  131  13:19  Roach x2  
  126  13:22  Roach, Drone  
  126  13:23  Ravager x2  
  126  13:24  Ravager  
  126  13:27  Zergling x2  
  126  13:32  Zergling x2  
  125  13:34  Ravager  
  125  13:37  Ravager  
  124  13:41  Zergling x2  
  124  13:43  Zergling x2  
  124  13:46  Drone  
  126  13:48  Drone  
  126  13:52  Zergling x2  
  126  13:55  Ravager  
  128  13:56  Ravager  
  128  13:59  Ravager  
  130  14:03  Ravager x2  
  130  14:08  Ravager x3  
  135  14:10  Zergling x2  
  135  14:13  Zergling x4  
  135  14:14  Zergling x2  
  139  14:17  Zergling x2  
  138  14:25  Roach  
  138  14:27  Zergling x4  
  138  14:28  Roach x3  
  148  14:31  Zergling x2  
  148  14:33  Zergling x4  
  148  14:35  Zergling x2  
  151  14:42  Roach  
  151  14:43  Zergling x4  
  140  14:48  Roach  
  140  14:49  Roach x2  
  140  14:52  Zergling x2, Overseer  
  146  14:53  Zergling x2  
  146  14:54  Baneling x2  
  146  14:55  Baneling x3  
  149  15:00  Drone  
Show
View Real Time Build Order
Export as new Build Order

Beastyqt Terran 

Build Orders: Reaper Expand, MMM Bio 

Get SALT Encoding   

  12  0:00  SCV  
  13  0:13  SCV  
  14  0:17  Supply Depot  
  14  0:25  SCV  
  15  0:33  Refinery  
  15  0:39  SCV  
  16  0:44  Barracks  
  16  0:51  SCV  
  17  1:03  SCV  
  18  1:15  SCV  
  19  1:31  Orbital Command  
  19  1:32  Reaper  
  20  1:42  Command Center  
  20  1:53  Factory  
  20  1:57  SCV  
  21  2:03  Supply Depot  
  21  2:09  SCV  
  21  2:11  Barracks Reactor  
  22  2:17  Refinery  
  22  2:21  SCV  
  23  2:33  SCV  
  24  2:45  Starport, SCV  
  24  2:48  Marine x2  
  24  2:49  Widow Mine  
  29  2:57  Orbital Command  
  29  2:58  SCV  
  30  3:06  Marine x2  
  30  3:11  SCV  
  31  3:23  SCV x2  
  31  3:25  Marine x2  
  34  3:31  Medivac  
  36  3:36  SCV x2  
  36  3:39  Supply Depot, Factory Tech Lab  
  37  3:43  Bunker  
  37  3:45  Marine x2  
  39  3:48  Supply Depot  
  39  3:49  SCV  
  39  3:50  SCV  
  41  3:59  Siege Tank  
  41  4:01  SCV  
  45  4:04  Liberator  
  45  4:10  SCV  
  45  4:13  Bunker  
  45  4:14  SCV  
  45  4:15  Marine  
  48  4:21  Marine  
  48  4:22  SCV  
  53  4:26  SCV  
  54  4:35  Siege Tank, SCV  
  54  4:37  Marine  
  59  4:39  Marine  
  59  4:43  SCV  
  59  4:45  Supply Depot  
  61  4:48  SCV  
  61  4:50  Liberator  
  62  4:59  Command Center  
  62  5:06  Marine x2  
  62  5:07  SCV x2  
  69  5:15  Supply Depot  
  69  5:17  Supply Depot  
  69  5:19  SCV  
  70  5:26  Factory Reactor  
  70  5:32  Refinery  
  70  5:33  Refinery  
  70  5:34  Engineering Bay  
  70  5:35  Engineering Bay  
  70  5:36  Marine x2  
  70  5:37  SCV x2  
  70  5:41  Barracks  
  70  5:42  Barracks  
  74  5:49  SCV  
  71  5:50  SCV  
  71  5:57  Starport Reactor  
  71  5:59  Barracks  
  71  6:00  Marine x2, Barracks  
  71  6:01  SCV  
  73  6:06  SCV  
  73  6:10  Terran Infantry Weapons Level 1  
  73  6:11  Terran Infantry Armor Level 1  
  74  6:13  SCV  
  74  6:15  Orbital Command  
  74  6:17  Factory Reactor  
  74  6:18  SCV  
  76  6:23  Marine x2  
  78  6:26  Liberator, SCV  
  78  6:27  Armory  
  78  6:30  Marine  
  78  6:31  Stimpack, SCV  
  81  6:35  Orbital Command  
  81  6:38  SCV  
  81  6:39  Marine x2  
  84  6:41  Marine  
  84  6:43  SCV  
  84  6:44  Medivac  
  91  6:50  SCV  
  91  6:53  Barracks Tech Lab  
  92  6:54  Barracks Reactor  
  92  6:56  SCV  
  92  7:00  Missile Turret  
  94  7:01  SCV  
  94  7:02  SCV  
  94  7:05  Marine x2  
  94  7:08  SCV  
  98  7:13  Supply Depot x2, SCV  
  98  7:14  Combat Shields  
  99  7:18  SCV  
  99  7:20  SCV  
  99  7:22  Bunker  
  101  7:23  Refinery, Terran Vehicle Weapons Level 1  
  101  7:24  Refinery  
  101  7:34  Marine x3  
  101  7:36  Hellion x2  
  106  7:39  SCV  
  106  7:46  Supply Depot  
  106  7:47  Supply Depot, Marine x2, Marauder  
  106  7:48  Supply Depot, Medivac  
  106  7:49  Medivac, SCV  
  106  7:50  SCV  
  116  7:53  Supply Depot  
  116  7:54  SCV  
  117  7:59  Supply Depot x2  
  117  8:07  Marine x4  
  117  8:08  Hellion x2  
  117  8:12  Marine x2  
  127  8:15  Supply Depot  
  127  8:19  Marauder  
  129  8:21  Marine  
  129  8:25  Marine, Command Center  
  127  8:27  Marine x2  
  127  8:30  Hellion x2  
  127  8:32  Marine x3, Medivac x2  
  134  8:38  Sensor Tower  
  134  8:39  Marine  
  134  8:40  Marine  
  136  8:42  Terran Infantry Armor Level 2, Terran Infantry Weapons Level 2  
  136  8:49  Supply Depot  
  136  8:50  Supply Depot  
  136  8:51  Marine, Hellion  
  136  8:52  Concussive Shells  
  132  9:03  Marine  
  132  9:05  Marine x2  
  132  9:06  Marine, Liberator  
  132  9:07  Liberator  
  132  9:08  Marine  
  121  9:11  Marine  
  121  9:12  Hellion x2  
  121  9:14  Marine  
  121  9:16  Marine  
  120  9:21  Marine  
  120  9:23  Marine x2  
  116  9:24  Marine  
  116  9:26  Marine  
  116  9:27  SCV  
  116  9:30  SCV  
  117  9:32  Marine x2  
  117  9:34  Hellion x2  
  117  9:36  Marine  
  121  9:40  SCV  
  122  9:48  Marine x2  
  122  9:51  Marauder  
  126  9:53  Marine x2  
  126  9:54  Marauder  
  126  9:55  Hellion x2  
  126  9:58  Marine x2  
  136  10:05  Terran Ship Weapons Level 1  
  136  10:12  Marine x2  
  138  10:20  Marine  
  138  10:21  Marine, Marauder x2  
  142  10:22  Marine  
  142  10:25  Marine  
  142  10:27  Liberator x2  
  136  10:29  Marine  
  136  10:34  Marine  
  127  10:38  Marine x2  
  127  10:40  Marine  
  127  10:42  Marine x2  
  122  10:44  Hellion x2  
  122  10:46  Marine  
  122  10:47  Marine  
  131  10:52  Marine  
  131  10:56  Marine x2  
  125  10:59  SCV x2  
  125  11:00  Marauder x2  
  125  11:04  Marine  
  125  11:07  Marine x2  
  125  11:09  Marine  
  121  11:12  SCV x2  
  121  11:14  Marine x2  
  121  11:17  Liberator, SCV x2  
  115  11:21  Marine, Marauder  
  115  11:22  Marine  
  115  11:25  Marine x2  
  107  11:27  Marine  
  107  11:28  Hellion  
  107  11:32  Marine x2  
  95  11:39  Marine, SCV  
  100  11:40  Marine  
  100  11:41  Planetary Fortress  
  100  11:45  SCV  
  102  11:52  Marine, Marauder  
  105  11:59  SCV x2  
  107  12:01  Liberator  
  107  12:02  Liberator  
  105  12:12  Marine  
  105  12:13  Marine  
  107  12:20  Marine  
  114  12:24  Marine x2  
  114  12:25  Marauder  
  115  12:38  Marine x2, Marauder  
  115  12:39  Marine x2  
  115  12:42  SCV x2  
  123  12:45  Factory Tech Lab  
  123  12:47  Liberator  
  123  12:48  SCV x2  
  123  12:49  Marauder  
  127  12:56  Marine  
  128  12:59  Marine  
  128  13:00  Marine, Marauder  
  128  13:07  Marine  
  128  13:09  Marine  
  128  13:12  Marine x2  
  101  13:15  Marine  
  101  13:17  Marine, Liberator  
  101  13:18  Marine, Siege Tank  
  102  13:20  Marine  
  102  13:26  Marine  
  104  13:27  Orbital Command  
  104  13:30  Marauder  
  106  13:34  Marine x2  
  106  13:38  Marine x2  
  113  13:44  Marine, Marauder  
  113  13:51  Marine, Marauder  
  113  13:55  Marine  
  114  13:59  Siege Tank  
  114  14:01  Marine  
  118  14:05  Marauder  
  120  14:14  SCV  
  121  14:29  Orbital Command  
  121  14:31  Marine x2, Marauder x2  
  125  14:32  SCV  
  125  14:34  Orbital Command  
  106  14:46  Marine  
  106  14:47  Marine x2  
  106  14:49  Marine  
  94  14:54  SCV  
Tags
 
Add a new tag
Caveats
  • Supply blocks, unpowered buildings, or Contaminate may cause inaccurate times.
  • Supply counts are checked every 10 seconds.